 Dungeon Crawl Stone Soup version 0.29-a0-817-g9904bce7a6 (webtiles) character file.

Game seed: 1898308792290419885

93 pericles the Covered (level 4, -3/35 HPs)
             Began as a Human Fighter on July 5, 2022.
             Was a Plaything of Xom.
             Killed from afar by an orc wizard (7 damage)
             ... with a puff of flame
             ... on level 3 of the Dungeon.
             The game lasted 00:09:01 (1029 turns).

pericles the Covered (Human Fighter)                Turns: 1029, Time: 00:09:02

Health: -3/35      AC:  6    Str: 19    XL:     4   Next: 92%
Magic:  4/4        EV:  9    Int:  8    God:    Xom [..*...]
Gold:   66         SH:  4    Dex: 12    Spells: 3/3 levels left

rFire   . . .      SeeInvis .   d - +2 hand axe (elec)
rCold   . . .      Faith    .   c - +0 buckler
rNeg    . . .      Spirit   .   b - +0 scale mail
rPois   .          Reflect  .   (no helmet)
rElec   .          Harm     .   (no cloak)
rCorr   .          Rampage  .   (no gloves)
Will    .....                   (no boots)
Stlth   ..........              (no amulet)
HPRegen 0.11/turn               (no ring)
MPRegen 0.09/turn               (no ring)

@: hasted, very quick
A: no striking features
a: Renounce Religion


You were on level 3 of the Dungeon.
You worshipped Xom.
You were a toy of Xom.
You visited 1 branch of the dungeon, and saw 3 of its levels.

You collected 66 gold pieces.

Inventory:

Hand Weapons
 a - a +0 long sword
 d - a +2 hand axe of electrocution (weapon)
Missiles
 e - 10 stones (quivered)
 i - 4 javelins
Armour
 b - a +0 scale mail (worn)
 c - a +0 buckler (worn)
Scrolls
 f - a scroll of brand weapon {unknown}
 g - 2 scrolls of teleportation {unknown}
 h - a scroll of identify {unknown}
 k - a scroll of fog {unknown}


   Skills:
 + Level 3.3 Fighting
 + Level 2.1 Long Blades
 + Level 2.2 Axes
 + Level 3.5 Armour
 + Level 1.1 Dodging
 + Level 3.4 Shields


You had 3 spell levels left.
You didn't know any spells.
Your spell library contained the following spells:

 Spells                   Type           Power      Damage    Failure   Level
 Magic Dart               Conj           0%         1d3       86%         1
 Scorch                   Fire           0%         2d5       94%         2
 Searing Ray              Conj           0%         2d4       94%         2
 Flame Wave               Conj/Fire      0%         2d4       100%        4
 Fulminant Prism          Conj/Hex       0%         3d6       100%        4
 Summon Cactus Giant      Summ           0%         N/A       100%        6


Dungeon Overview and Level Annotations

Branches:
Dungeon (3/15)

Altars:
Xom


Message History

You completely miss the orc.
The orc is severely wounded.
The orc barely misses you. You block the orc's attack.
An orc comes into view. It is wielding a +0 flail.
The orc priest calls upon Beogh to heal the orc.
The orc's wounds heal themselves!
You slash the orc! Lightning courses through the orc!
You kill the orc!
Xom grants you a minor favour.
You feel yourself speed up.
You hit the orc priest but do no damage.
Lightning courses through the orc priest!
The orc priest is severely wounded.
The orc priest mumbles some strange prayers to Beogh against you.
Beogh smites you!
You are too injured to fight recklessly!
You see here a ball python corpse.
As you read the scroll labelled FALUIL KOURU, it crumbles to dust.
Your body is wracked with pain!
* * * LOW HITPOINT WARNING * * *
The orc priest convulses!
Something is bathed in an unholy light!
It was a scroll of torment.
Xom is highly amused!
You hit the orc priest but do no damage.
Lightning courses through the orc priest!
You kill the orc priest!
Your Axes skill increases to level 2!
Something hits you but does no damage.
As you read the scroll of torment, it crumbles to dust.
Your body is wracked with pain!
* * * LOW HITPOINT WARNING * * *
Something is bathed in an unholy light!
The orc convulses!
You miss something. Something hits you.
* * * LOW HITPOINT WARNING * * *
You closely miss something. Something hits you but does no damage.
Unknown command.
You hear some strange, mumbled words.
A puff of flame appears from out of thin air!
The puff of flame hits you!
You die...

#.#.## ..#..# ####### .. ...
.###.###.....# .# #.#
..##.........###.# ##.#
.................#...?.
..######.....##....##.#
......##.....##.#####.#
..###.##........#####.#######
..# ..#........@.{o)........
.............########)#.....#
...#####..........<.......###
#..# #.....#####S....##...
.........#### .##.## ###
.#####... ## #.# ...#. #o#
.## #.#


You could see an orc.

Vanquished Creatures
  An orc priest (D:3)
  2 adders (D:3)
  A dart slug (D:1)
  3 orcs (D:3)
  3 ball pythons
  A bat (D:1)
  4 endoplasms
  2 goblins (D:1)
  2 hobgoblins (D:1)
  7 jackals
  3 kobolds
  3 quokkas
  A frilled lizard (D:2)
  2 rats (D:1)
35 creatures vanquished.

Notes
Turn   | Place    | Note
-------+----------+-------------------------------------------
     0 | D:1      | pericles the Human Fighter began the quest for the Orb.
     0 | D:1      | Reached XP level 1. HP: 18/18 MP: 1/1
    67 | D:1      | Reached XP level 2. HP: 16/24 MP: 2/2
   504 | D:1      | Reached XP level 3. HP: 29/29 MP: 3/3
   581 | D:2      | Found a faded altar of an unknown god.
   622 | D:2      | Prayed at the altar of an unknown god.
   622 | D:2      | Became a worshipper of Xom of Chaos
   923 | D:2      | XOM: silly message
   936 | D:3      | Reached skill level 1 in Axes
   989 | D:3      | XOM: silly message
   998 | D:3      | Reached XP level 4. HP: 33/35 MP: 4/4
  1014 | D:3      | Reached skill level 1 in Dodging
  1018 | D:3      | XOM: potion effect (haste)
  1029 | D:3      | Killed from afar by an orc wizard

Illustrated notes

Levels and vault maps discovered:
D:1:      amcnicky_arrival_feature_with_door, layout_basic
D:2:      layout_basic, shapermc_ecumenical_altar_starsandcircs
D:3:      layout_rooms

Skill      XL: |  1  2  3  4 |
---------------+-------------+-----
Axes           | 1 2 |  2.2
Dodging        | 1 |  1.1
Fighting       | |  3.3
Long Blades    | |  2.1
Armour         | |  3.5
Shields        | |  3.4

Action                   |  1- 3 |  4- 6 || total
-------------------------+-------+-------++-------
Melee: Long sword        |    27 |       ||    27
       Hand axe          |    49 |    21 ||    70
  Use: Potion            |     4 |       ||     4
       Scroll            |       |     2 ||     2
Armor: Scale mail        |    80 |    16 ||    96
Dodge: Dodged            |    40 |     5 ||    45
Block: Buckler           |    29 |     4 ||    33

Table legend: (Time is in decaauts)
 A = Elapsed time spent in this place.
 B = Non-inter-level travel time spent in this place.
 C = Inter-level travel time spent in this place.
 D = Time resting spent in this place.
 E = Time spent auto-exploring this place.
 F = Levels seen in this place.
 G = Mean time per level.
                   A        B        C        D        E       F      G
               +--------+--------+--------+--------+--------+-----+--------+
         Total |   1059 |   1053 |      6 |    331 |     51 |   3 |  353.0 |
       Dungeon |   1059 |   1053 |      6 |    331 |     51 |   3 |  353.0 |
               +--------+--------+--------+--------+--------+-----+--------+

Top non-repeatable levels by time:
     D:1: 579 daAuts
     D:2: 378 daAuts
     D:3: 101 daAuts
